 Dungeon Crawl Stone Soup version 0.31-a0-164-g2312942fda (webtiles) character file.

Game seed: 5864787568696574685

625 qw the Shooter (level 7, -1/44 HPs)
             Began as a Gargoyle Hunter on June 13, 2023.
             Slain by a gnoll sergeant
             ... wielding a +3 trident of protection
              (5 damage)
             ... on level 4 of the Dungeon.
             The game lasted 00:01:07 (2706 turns).

qw the Shooter (Gargoyle Hunter)                    Turns: 2706, Time: 00:01:07

Health: -1/44      AC: 12    Str: 15    XL:     7   Next: 47%
Magic:  7/7        EV: 17    Int:  9    God:
Gold:   285        SH:  0    Dex: 15    Spells: 6/6 levels left

rFire   + . .        Y - +0 shortbow (freeze)
rCold   . . .        (shield currently unavailable)
rNeg    + . .        a - +3 leather armour {rF+}
rPois   inf          f - +0 helmet
rElec   +            (no cloak)
rCorr   .            (no gloves)
SInv    .            (no boots)
Will    .....        j - amulet of regeneration
Stlth   ++           o - +5 ring of evasion
HPRegen 1.07/turn    (no ring)
MPRegen 0.10/turn

%: no passive effects
@: no status effects
A: sickness immunity, AC +4, negative energy resistance 1, electricity
resistance, torment resistance 1, petrification resistance
a: no special abilities


You were on level 4 of the Dungeon.
You visited 1 branch of the dungeon, and saw 4 of its levels.

You collected 285 gold pieces.


Innate Abilities, Weirdness & Mutations

You are immune to sickness and miasma.
Your stone body is resilient. (AC +4)
You are immune to poison.
You resist negative energy. (rN+)
You are resistant to electric shocks. (rElec)
You are resistant to unholy torment.
You are immune to petrification.


   Skills:
 - Level 5.5 Fighting
 - Level 7.2 Ranged Weapons
 - Level 1.1 Armour
 + Level 1.8 Dodging
 - Level 1.1 Stealth


You had 6 spell levels left.
You didn't know any spells.
Your spell library was empty.

Inventory:

Hand Weapons
 Y - a +0 shortbow of freezing (weapon)
Armour
 a - a +3 leather armour of fire resistance (worn)
 f - a +0 helmet (worn)
Jewellery
 j - an amulet of regeneration (around neck)
 k - a ring of wizardry
 o - a +5 ring of evasion (left hand)
Wands
 m - a wand of digging (4)
Scrolls
 c - 2 scrolls of immolation {unknown}
 i - a scroll of fear {unknown}
Potions
 b - a potion of brilliance {unknown}
 d - a potion of cancellation {unknown}
 e - 5 potions of curing
 g - a potion of might
 h - a potion of lignification
 n - a potion of attraction {unknown}

Dungeon Overview and Level Annotations

Branches:
Dungeon (4/15)
 Temple: D:4-7

Altars:
Gozag
Makhleb
Qazlal

Shops:
D:4 *

Annotations:
D:3 1 runed translucent door, Crazy Yiuf


Message History

You shoot an arrow. The gnoll shouts!
The arrow hits the gnoll sergeant but does no damage.
The gnoll misses you.
You shoot an arrow.
The arrow hits the gnoll sergeant but does no damage.
The gnoll sergeant hits you from afar with a +3 trident of protection!
The gnoll barely misses you.
You shoot an arrow. The arrow hits the gnoll.
The arrow freezes the gnoll.
The gnoll is lightly wounded.
The gnoll sergeant hits you from afar with a +3 trident of protection!
The gnoll closely misses you. The gnoll hits you but does no damage.
The gnoll misses you.
You shoot an arrow. The arrow barely misses the gnoll.
The arrow hits the gnoll sergeant but does no damage.
The gnoll sergeant hits you from afar with a +3 trident of protection!
The gnoll closely misses you.
The gnoll hits you from afar with a +0 spear.
The gnoll misses you.
You shoot an arrow. The arrow hits the gnoll!
The arrow freezes the gnoll.
The gnoll is almost dead.
The gnoll sergeant hits you but does no damage.
The gnoll completely misses you.
The gnoll hits you from afar with a +0 spear.
The gnoll hits you but does no damage.
You shoot an arrow. The arrow hits the gnoll.
The arrow freezes the gnoll.
You kill the gnoll!
The gnoll sergeant completely misses you.
The gnoll closely misses you. x2
You shoot an arrow. The gnoll sergeant blocks the arrow.
The gnoll sergeant misses you. The gnoll completely misses you.
The gnoll misses you.
The gnoll sergeant hits you from afar with a +3 trident of protection.
The gnoll hits you from afar with a +0 spear.
The gnoll misses you.
You shoot an arrow.
The arrow closely misses the gnoll sergeant.
The arrow barely misses the gnoll.
The gnoll sergeant hits you from afar with a +3 trident of protection.
You die...

.......##...##....###.###.##.....
....#####.........##.(.#.....[#..
....##.......##...###.###........
##......#.#.#####.#(....##.#.###.
.#.)##..#~~~~~~~~~.........##....
...###...~##~~~##~.>..##.........
.......#.~#######~....##.........
......###~~#..g#~~...............
......###~~#?gg)@.....##.........
.##....##~~#..g#~~....#....#.....
.##......~#######~###......#.....
.###...##~##~~~##~###............
## ##..#.~~~~~~~~~.##............
#.##.........................
###.....#..##....##?.........
######.....#....(..##...........
##.............##..##.....).....<


You could see a gnoll sergeant and 3 gnolls.

Vanquished Creatures
  Grinder (D:3)
  A black bear (D:4)
  An ogre (D:3)
  A scorpion (D:4)
  A hound (D:4)
  Ijyb (D:3)
  Robin (D:3)
  A gnoll (D:4)
  5 adders
  A worm (D:3)
  2 dart slugs
  4 orcs
  6 endoplasms
  2 giant cockroaches (D:1)
  15 goblins
  6 hobgoblins
  6 kobolds
  3 quokkas
  5 ball pythons
  6 bats
  4 frilled lizards (D:1)
  5 rats
78 creatures vanquished.

Notes
Turn   | Place    | Note
-------+----------+-------------------------------------------
     0 | D:1      | qw the Gargoyle Hunter began the quest for the Orb.
     0 | D:1      | Reached XP level 1. HP: 12/12 MP: 1/1
     0 | D:1      | 0 ||| qw: Version: 0.2-a-29-gc1b59c4
     0 | D:1      | 0 ||| qw: Game counter: 4569
     0 | D:1      | 0 ||| qw: Always use a shield: true
     0 | D:1      | 0 ||| qw: God list: Okawaru
     0 | D:1      | 0 ||| qw: Allow faded altars: false
     0 | D:1      | 0 ||| qw: Do Orc after D:15 true
     0 | D:1      | 0 ||| qw: Do second Lair branch before Depths: true
     0 | D:1      | 0 ||| qw: Lair rune preference: random
     0 | D:1      | 0 ||| qw: Plans: Normal, Zot:1-4, Slime:5, God:TSO, Crypt,
                  | Tomb, Abyss, Pan, Hells, Win
     0 | D:1      | 0 ||| PLANNING D:1-11
   121 | D:1      | Reached XP level 2. HP: 17/17 MP: 2/2
   294 | D:1      | Found a faded altar of an unknown god.
   348 | D:1      | Reached XP level 3. HP: 21/21 MP: 3/3
   463 | D:1      | 463 ||| UPGRADING to amulet of regeneration.
   468 | D:1      | 468 ||| DROPPING ring of flight.
   469 | D:1      | 469 ||| READING scroll labelled UTIOFANKIG.
   470 | D:1      | 470 ||| DRINKING 2 golden potions.
   471 | D:1      | 471 ||| DRINKING 2 glowing clear potions.
   472 | D:1      | 472 ||| DRINKING 2 fizzy blue potions.
   498 | D:1      | 498 ||| DROPPING scroll of butterflies.
   533 | D:2      | Reached skill level 5 in Ranged Weapons
   774 | D:2      | Found a burning altar of Makhleb.
  1068 | D:2      | Reached skill level 3 in Fighting
  1068 | D:2      | Reached XP level 4. HP: 28/28 MP: 4/4
  1242 | D:2      | 1242 ||| READING scroll labelled UMOMUL TALY.
  1247 | D:2      | 1247 ||| READING scroll labelled OFETRADUEW.
  1248 | D:2      | 1248 ||| READING scroll labelled REACO QEUPYC.
  1294 | D:3      | Noticed Robin
  1296 | D:3      | Noticed Ijyb
  1297 | D:3      | 1297 ||| Stepping ~*~*~tactically~*~*~ (outnumbered).
  1316 | D:3      | Killed Robin
  1327 | D:3      | Killed Ijyb
  1328 | D:3      | Reached XP level 5. HP: 13/32 MP: 5/5
  1439 | D:3      | Reached skill level 6 in Ranged Weapons
  1538 | D:3      | Noticed Grinder
  1539 | D:3      | Paralysed by Grinder for 2 turns
  1546 | D:3      | Paralysed by Grinder for 3 turns
  1551 | D:3      | Paralysed by Grinder for 2 turns
  1561 | D:3      | Killed Grinder
  1562 | D:3      | Reached XP level 6. HP: 34/40 MP: 6/6
  1924 | D:3      | Found a runed translucent door.
  1925 | D:3      | Noticed Crazy Yiuf
  2104 | D:3      | 2104 ||| UPGRADING to +3 leather armour of fire resistance.
  2114 | D:3      | 2114 ||| DROPPING +0 leather armour.
  2115 | D:3      | 2115 ||| UPGRADING to +0 helmet.
  2120 | D:3      | 2120 ||| UPGRADING to +5 ring of evasion.
  2121 | D:3      | 2121 ||| READING scroll labelled DOGRIE SEWA.
  2122 | D:3      | 2122 ||| READING 2 scrolls labelled SELEMI FAVI.
  2123 | D:3      | 2123 ||| READING scroll labelled TOJEIJ XIZI.
  2124 | D:3      | 2124 ||| DRINKING 2 yellow potions.
  2125 | D:3      | 2125 ||| DROPPING scroll of revelation.
  2126 | D:3      | 2126 ||| DROPPING potion of enlightenment.
  2174 | D:4      | Reached skill level 1 in Armour
  2178 | D:4      | 2178 ||| STAIRDANCE
  2181 | D:3      | Reached XP level 7. HP: 21/44 MP: 7/7
  2343 | D:4      | Found an opulent altar of Gozag.
  2474 | D:4      | Reached skill level 7 in Ranged Weapons
  2496 | D:4      | Found Dowkijef's General Store.
  2506 | D:4      | 2506 ||| SHOPLISTING ring of Sehups {Fire rPois Stlth+}
                  | (468 gold, have 259).
  2506 | D:4      | 2506 ||| SHOPLISTING scroll of acquirement (624 gold, have
                  | 259).
  2580 | D:4      | Found a stormy altar of Qazlal.
  2702 | D:4      | HP: 11/44 [gnoll/+0 spear[a gnoll sergeant] (6)]
  2705 | D:4      | HP: 4/44 [gnoll sergeant/+3 trident of protection (6)]
  2706 | D:4      | Slain by a gnoll sergeant

Levels and vault maps discovered:
D:1:      lightli_arrival_statue_moat, layout_basic,
          chequers_ecumenical_altar_island
D:2:      layout_basic, basic_altar, grunt_ministairs_3
D:3:      layout_loops_ring, kennysheep_pointless_box, uniq_ijyb,
          uniq_crazy_yiuf_cottage, uniq_robin, uniq_grinder
D:4:      layout_cave_pools, nicolae_overflow_crystal_walls,
          nicolae_qazlal_scattered_showers, serial_shops, nicolae_shop_stone,
          lightli_minifort

Skill      XL: |  1  2  3  4  5  6  7 |
---------------+----------------------+-----
Ranged Weapons | 5 6 7 |  7.2
Fighting       | 3 5 |  5.5
Armour         | 1 |  1.1
Dodging        | |  1.8
Stealth        | |  1.1

Action                     |  1- 3 |  4- 6 |  7- 9 || total
---------------------------+-------+-------+-------++-------
   Fire: Shortbow          |    81 |   108 |    40 ||   229
    Use: Potion            |     3 |     1 |       ||     4
         Scroll            |     1 |     6 |       ||     7
 Armour: Leather armour    |     5 |    33 |     6 ||    44
  Dodge: Dodged            |     8 |    37 |    19 ||    64

Table legend:
 A = Non-vault XP
 B = Vault XP
 C = Vault XP percentage of total XP
 D = Non-vault monster count
 E = Vault monster count
 F = Vault count percentage of total count
                 A         B        C        D         E       F
            +---------+---------+-------+---------+---------+-------
      Total |     526 |     368 |  41.2 |      63 |      15 |  19.2
            +---------+---------+-------+---------+---------+-------
        D:1 |      34 |       0 |   0.0 |      21 |       0 |   0.0
        D:2 |      61 |       2 |   3.2 |      16 |       2 |  11.1
        D:3 |     156 |     352 |  69.3 |      15 |      12 |  44.4
        D:4 |     275 |      14 |   4.8 |      11 |       1 |   8.3
            +---------+---------+-------+---------+---------+-------
